 Dungeon Crawl Stone Soup version 0.22-a0-402-ga933591 (webtiles) character file.

72 Kairos the Shield-Bearer (level 4, -4/24 HPs)
             Began as a Vine Stalker Fighter on May 7, 2018.
             Slain by Robin
             ... wielding a +1 mace of holy wrath
              (5 damage)
             ... on level 2 of the Dungeon.
             The game lasted 00:02:44 (1526 turns).

Kairos the Shield-Bearer (Vine Stalker Fighter)     Turns: 1526, Time: 00:02:45

Health: -4/24      AC:  6    Str: 25    XL:     4   Next: 26%
Magic:  0/5        EV:  7    Int:  8    God:
Gold:   81         SH: 10    Dex: 13    Spells: 3/3 levels left

rFire    . . .     SeeInvis +   a - +0 war axe
rCold    . . .     Gourm    .   c - +0 shield
rNeg     . . .     Faith    .   b - +0 scale mail
rPois    .         Spirit   +   (no helmet)
rElec    .         Reflect  .   (no cloak)
rCorr    .         Harm     .   (no gloves)
MR       .....                  (no boots)
Stlth    ..........             (no amulet)
HPRegen  0.48/turn              q - ring of see invisible
MPRegen  0.09/turn              (no ring)

@: mighty
A: fangs 2, regeneration 1, magic shield, antimagic bite, no potion heal 3, rot
immunity
a: no special abilities


You were on level 2 of the Dungeon.
You were very hungry.

You visited 1 branch of the dungeon, and saw 2 of its levels.

You collected 81 gold pieces.

Inventory:

Hand Weapons
 a - a +0 war axe (weapon)
Armour
 b - a +0 scale mail (worn)
 c - a +0 shield (worn)
Jewellery
 q - a ring of see invisible (left hand)
Scrolls
 g - a scroll of magic mapping {unknown}
 i - a scroll of amnesia {unknown}
 j - a scroll of teleportation {unknown}
 n - a scroll of immolation {unknown}
 p - 2 scrolls of identify {unknown}
Potions
 d - a potion of might
 e - 2 potions of brilliance {unknown}
 h - a potion of degeneration {unknown}
 k - a potion of agility {unknown}
 l - 2 potions of magic {unknown}
 m - a potion of heal wounds
 o - a potion of curing {unknown}
Comestibles
 f - 3 rations


   Skills:
 + Level 3.0 Fighting
 + Level 2.6 Axes
 + Level 3.0 Armour
 + Level 0.3 Dodging
 + Level 0.2 Stealth
 + Level 3.1 Shields


You had 3 spell levels left.
You didn't know any spells.

Dungeon Overview and Level Annotations

Branches:
Dungeon (2/15)

Altars:

Annotations:
D:2 Robin


Innate Abilities, Weirdness & Mutations

You have extremely sharp teeth.
Your natural rate of healing is unusually fast.
When hurt, damage is shared between your health and your magic reserves.
Your bite disrupts and absorbs the magic of your enemies.
Potions cannot restore your health.
You are immune to rotting.


Message History

Robin roars a battlecry!
The hobgoblin goes into a battle-frenzy!
The hobgoblin hits you with a club!
* * * LOW HITPOINT WARNING * * *
Your shield and scale mail prevent you from hitting the hobgoblin.
Your bite misses the hobgoblin. You closely miss Robin.
You block Robin's attack. The hobgoblin barely misses you.
Robin barely misses you.
Unknown command.
You closely miss the hobgoblin.
You kill the hobgoblin!
You closely miss Robin.
Robin drinks a potion.
Robin is healed!
Unknown command.
Unknown command.
Robin hits you with a mace of holy wrath.
* * * LOW HITPOINT WARNING * * *
Items here: ( )))) ? ††† Unknown command.
Robin hits you with a mace of holy wrath.
You die...

.. .# .# # .# ..
.#
###.#####.######
#.....)?.......#
#.....@.####.#
#.####)g......
#.#####.# #†#
#.# #.# #># #.#
#.# #.# #.#


You could see Robin.

Vanquished Creatures
  An adder (D:2)
  2 oozes (D:1)
  A worm (D:2)
  A dart slug (D:1)
  3 bats
  3 giant cockroaches
  9 goblins
  10 hobgoblins
  6 kobolds
  6 frilled lizards
  4 rats
46 creatures vanquished.

Notes
Turn   | Place    | Note
-------+----------+-------------------------------------------
     0 | D:1      | Kairos the Vine Stalker Fighter began the quest for the Orb.
     0 | D:1      | Reached XP level 1. HP: 11/11 MP: 2/2
    50 | D:1      | Reached XP level 2. HP: 16/16 MP: 3/3
   343 | D:1      | Reached XP level 3. HP: 20/20 MP: 4/4
  1348 | D:2      | Gained mutation: Your natural rate of healing is unusually fast. [Vine Stalker growth]
  1348 | D:2      | Reached XP level 4. HP: 10/24 MP: 3/5
  1511 | D:2      | Noticed Robin
  1525 | D:2      | HP: 1/24 [Robin/mace of holy wrath (3)]
  1526 | D:2      | Slain by Robin

Vault maps used:
D:1:      erik_arrival_gehennom
D:2:      nicolae_overflow_crystal_walls, corexii_hall_statues_l,
          kennysheep_potato, uniq_robin

Skill      XL: |  1  2  3  4 |
---------------+-------------+-----
Axes           | 2 |  2.6
Fighting       | 3 |  3.0
Shields        | 3 |  3.1
Armour         | 3 |  3.0
Dodging        | |  0.3
Stealth        | |  0.2

Action                   |  1- 3 |  4- 6 || total
-------------------------+-------+-------++-------
Melee: War axe           |    93 |    14 ||   107
       Bite              |    20 |     3 ||    23
  Use: Potion            |       |     1 ||     1
 Stab: Distracted        |     1 |       ||     1
  Eat: Chunk             |       |     1 ||     1
Armor: Scale mail        |    48 |     6 ||    54
Dodge: Dodged            |    20 |     8 ||    28
Block: Shield            |    40 |    10 ||    50

Table legend:
 A = Spawn XP
 B = Non-spawn XP
 C = Spawn XP percentage of total XP
 D = Spawn monster count
 E = Non-spawn monster count
 F = Spawn count percentage of total count
 G = Total turns spent on level
                    A         B        C        D         E        F      G
               +---------+---------+-------+---------+---------+-------+---------
         Total |       0 |     104 |   0.0 |       0 |      46 |   0.0 |  1526
               +---------+---------+-------+---------+---------+-------+---------
           D:1 |       0 |      51 |   0.0 |       0 |      24 |   0.0 |   952
           D:2 |       0 |      53 |   0.0 |       0 |      22 |   0.0 |   574
               +---------+---------+-------+---------+---------+-------+---------
